Arrhythmia, chaotic female vampiric Convict -------- |...<[.|#############################(############### |.....)[#)#######--- -------.---- -----# ----|---# #|.| |....|..-..| |....## ##### #|.| |....|..|..| |.%.|## #|.--+-----+-....--|-----+----...|# #|.......................|.......| ###|..|---|----.......-%--------...| # #|.|..|..|..|.......|0|.%|%..|...| ### #|.|.....|..|.......|.._.|...|...|# # #|.----.-.*+-.......|.(_.|%(.|...-# ### #|..................|....|%..-...| --------- # #|.--------+------%----------|...| |........###########|.|(...| |(((.-.|....|((((|...| |.......| # |.|.%.)| |((..|.|....|((!(|...| |..[....|### |.|.%..| |(((.|.|...@|....|...| |.......+# |.--|------------.----_---|--...| --------- |...............................| --------------------------------- Arrhythmia the Jail-bird Experience level: 8 Strength: 16 Dexterity: 12 Constitution: 20 Intelligence: 9 Wisdom: 8 Charisma: 9 Health: 0(85) Energy: 47(47) AC: -2 Gold: 1022 Moves: 2626 Your Inventory: Coins $ - 1022 gold pieces Armor o - a cursed +0 pair of hard shoes of spd & displ [& aggr (iron)] (being worn) z - an [uncursed] +0 dwarvish mithril-coat (being worn) D - an uncursed +0 blue and green shield [elven] (being worn) U - an uncursed +0 hard hat [dwarvish iron helm] (being worn) Potions t - an [uncursed] potion of healing v - a [cursed] ochre potion [of gain level] Wands u - an [uncursed] wand of striking [0:0] Tools d - an uncursed blindfold f - an uncursed looking glass [mirror] p - an [uncursed magic] lamp (lit) J - a cursed skeleton key Iron balls c - an uncursed heavy iron ball (chained to you) (weapon in hand) Spells known in the end: Name Level Category Fail Memory Your skills at the end: Fighting Skills Weapon Skills sling [Basic / Skilled] Spellcasting Skills Final Attributes: You were piously aligned. Hunger level was 1054. Your alignment was 23 / 23. Monster difficulty range was 1 - 7. Level difficulty was 6. You were immune to poison. You were immune to level-drain. You were immune to sickness. You were punished. You were displaced. You aggravated monsters. You could fly. You could survive without air. You regenerated. You were very fast. Your luck was zero. You are dead. Vanquished creatures: a shopkeeper 4 small mimics a large dog a leprechaun a mumak a werewolf a dog a jaguar a blue jelly 3 snow ants a water nymph a pony 6 gnome lords a guardian naga hatchling 4 elf zombies 8 dwarves a monkey a gas spore 3 hobbits 4 giant rats a cave spider 2 red molds 34 gnomes 7 Keystone Kops 2 geckos 2 jackals 2 goblins 3 sewer rats 6 grid bugs a bat a kobold zombie 3 newts 109 creatures vanquished. Voluntary challenges: You left the true Path of Zen. You went without food. You never hit with a wielded weapon. You read items or engraved 2 times. You put on armor 8 times. You never genocided any monsters. You never polymorphed an object. You never changed form. You used no wishes. You abstained from Elbereth's help. You encountered 1 bones level. You never used any Sokoban shortcuts. Dungeon overview: The Dungeons of Doom: levels 1 to 2 Level 1 a long staircase Level 2 stairs to The Gnomish Mines The Gnomish Mines: levels 3 to 6 Level 3 stairs to The Dungeons of Doom Level 6 <- You were here many shops, a temple, a magic chest History has recorded: On T:1 you entered the Dungeons of Doom to retrieve the Amulet of Yendor! On T:53 you advanced to experience level 2. On T:67 you reached level 2 of The Dungeons of Doom. On T:193 you advanced to experience level 3. On T:757 you advanced to experience level 4. On T:980 you reached level 1 of The Gnomish Mines. On T:1013 you advanced to experience level 5. On T:1095 you advanced to experience level 6. On T:1379 you reached level 2 of The Gnomish Mines. On T:1458 you advanced to experience level 7. On T:1566 you reached level 3 of The Gnomish Mines. On T:1761 you reached level 4 of The Gnomish Mines. On T:1953 you advanced to experience level 8. Latest messages: [HP+1=40] You miss Izchak. You bite Izchak. You feed on the lifeblood. Izchak suddenly seems weaker! Izchak misses. Izchak hits! (3x) [HP-25=15] You miss Izchak. You bite Izchak. You feed on the lifeblood. Izchak suddenly seems weaker! Izchak drinks a soapy potion! Izchak looks better. c - an uncursed heavy iron ball (chained to you) (weapon in hand). [HP+1=16] You begin bashing monsters with your heavy iron ball. You hit Izchak. You miss Izchak. Izchak hits! (2x) You die... Izchak takes the 98 zorkmids you owed him. Final status: Goodbye Arrhythmia the Convict... You died in The Gnomish Mines on dungeon level 6 with 6114 points, and 1022 pieces of gold, after 2626 moves. You were level 8 with a maximum of 85 hit points when you died.